 Dungeon Sprint DCSS version 0.23-a0-625-g1d2cd9b (webtiles) character file.

113 galech the Skirmisher (level 4, 0/40 HPs)
             Began as a Demonspawn Fighter on Dec 24, 2018.
             Was an Initiate of Okawaru.
             Slain by Menkaure (1 damage)
             ... in the Dungeon (Sprint VII: "The Pits").
             The game lasted 00:00:58 (346 turns).

galech the Skirmisher (Demonspawn Fighter)           Turns: 346, Time: 00:00:59

Health: 0/40       AC:  7    Str: 17    XL:     4   Next: 65%
Magic:  4/4        EV:  8    Int:  9    God:    Okawaru [......]
Gold:   0          SH:  9    Dex: 13    Spells: 3/3 levels left

rFire    . . .     SeeInvis .   l - +2 hand axe
rCold    . . .     Gourm    .   c - +0 shield
rNeg     . . .     Faith    .   b - +0 scale mail
rPois    .         Spirit   .   (helmet restricted)
rElec    .         Reflect  .   (no cloak)
rCorr    .         Harm     .   (no gloves)
MR       .....     NoTele   +   (no boots)
Stlth    ..........             (no amulet)
HPRegen  0.13/turn              (no ring)
MPRegen  0.09/turn              (no ring)

@: lethally poisoned (0 -> -3)
A: antennae 1, demonic guardian 1
a: Renounce Religion


You were in the Dungeon.
You worshipped Okawaru.
Okawaru was noncommittal.
You were not hungry.

You visited 1 branch

Inventory:

Hand Weapons
 a - a +0 war axe
 l - a +2 hand axe (weapon)
Armour
 b - a +0 scale mail (worn)
 c - a +0 shield (worn)
Scrolls
 k - a scroll of blinking
 n - 3 scrolls of remove curse
 o - 5 scrolls of amnesia
 p - a scroll of summoning
Potions
 d - a potion of might
 e - 2 potions of invisibility
 g - a potion of heal wounds
 h - a potion of haste
 i - 4 potions of magic
 j - 3 potions of berserk rage
Comestibles
 f - 9 rations


   Skills:
 + Level 5.7 Fighting
 + Level 3.0 Axes
 + Level 5.5 Armour
 + Level 1.0 Dodging
 + Level 0.5 Stealth
 + Level 5.1 Shields


You had 3 spell levels left.
You didn't know any spells.
Your spell library was empty.

Dungeon Overview and Level Annotations

Branches:
Dungeon (1/1)

Altars:
Ashenzari
Cheibriados
Dithmenos
Elyvilon
Fedhas
Gozag
Hepliaklqana
Kikubaaqudgha
Makhleb
Nemelex Xobeh
Okawaru
Qazlal
Ru
Sif Muna
Trog
Uskayaw
Vehumet
Wu Jian
Xom
Yredelemnul
Zin
The Shining One
Beogh
Jiyva
Lugonu

Annotations:
D Menkaure


Innate Abilities, Weirdness & Mutations

You have a pair of small antennae on your head.
A weak demonic guardian rushes to your aid.


Message History

You hit Menkaure.
Menkaure is heavily damaged.
Menkaure casts a spell at you. Pain shoots through your body!
* * * LOW HITPOINT WARNING * * *
Your white imp hits Menkaure.
Your white imp freezes Menkaure.
Menkaure resists.
Menkaure hits your white imp.
You hit Menkaure.
Menkaure is almost destroyed.
* * * LOW HITPOINT WARNING * * *
You feel sick.
Your white imp gestures at Menkaure.
The puff of frost hits Menkaure.
Menkaure resists.
Menkaure hits your white imp but does no damage.
Your white imp gestures at Menkaure.
The puff of frost hits Menkaure.
Menkaure resists.
You hit Menkaure but do no damage.
Menkaure is almost destroyed.
Menkaure hits you.
You die...

#_________.#
#_________.#
#_______...###########+
##########'##..........
#.?(.')))'.##......#..#
##########.##..........
#.5.{{{h....'..........
#'#####M#####......#..#
#.#{{#@5.+ #..........
#.# #...# ####'#####+
#.# ##### #.......# #5#
#.......# #.# #.......#
#5# #...<...# #.#
#.......# #.#{
#.......# #a# #.......#


You could see Menkaure, a jackal and a friendly white imp.

Vanquished Creatures
  A bullfrog (D)
  2 worker ants (D)
  An adder (D)
  A jackal (D)
  A frilled lizard (D)
6 creatures vanquished.

Notes
Turn   | Place    | Note
-------+----------+-------------------------------------------
     0 | D        | galech the Demonspawn Fighter began the quest for the Orb.
     0 | D        | Reached XP level 1. HP: 18/18 MP: 1/1
    27 | D        | Found a glowing golden altar of the Shining One.
    27 | D        | Found a glowing silver altar of Zin.
    27 | D        | Found a basalt altar of Yredelemnul.
    27 | D        | Found a shimmering altar of Xom.
    27 | D        | Found an ornate altar of the Wu Jian Council.
    27 | D        | Found a bloodstained altar of Trog.
    27 | D        | Found a deep blue altar of Sif Muna.
    27 | D        | Found a sacrificial altar of Ru.
    27 | D        | Found a stormy altar of Qazlal.
    27 | D        | Found an iron altar of Okawaru.
    27 | D        | Found a sparkling altar of Nemelex Xobeh.
    27 | D        | Found a burning altar of Makhleb.
    27 | D        | Found a viscous altar of Jiyva.
    27 | D        | Found a hazy altar of Hepliaklqana.
    27 | D        | Found an opulent altar of Gozag.
    27 | D        | Found a blossoming altar of Fedhas.
    27 | D        | Found a white marble altar of Elyvilon.
    27 | D        | Found a shadowy altar of Dithmenos.
    27 | D        | Found a snail-covered altar of Cheibriados.
    28 | D        | Found a radiant altar of Vehumet.
    28 | D        | Found a corrupted altar of Lugonu.
    28 | D        | Found a roughly hewn altar of Beogh.
    29 | D        | Found a hide-covered altar of Uskayaw.
    29 | D        | Found an ancient bone altar of Kikubaaqudgha.
    29 | D        | Found a shattered altar of Ashenzari.
    33 | D        | Became a worshipper of Warmaster Okawaru
    44 | D        | Noticed a worker ant
    57 | D        | Gained mutation: You have a pair of small antennae on your
                  | head. [demonic ancestry]
    57 | D        | Reached XP level 2. HP: 24/24 MP: 2/2
    64 | D        | Gained mutation: A weak demonic guardian rushes to your
                  | aid. [demonic ancestry]
    64 | D        | Reached XP level 3. HP: 17/31 MP: 3/3
   303 | D        | Noticed a bullfrog
   304 | D        | Noticed a porcupine
   305 | D        | Noticed Menkaure
   313 | D        | Killed a bullfrog
   313 | D        | Reached skill level 5 in Fighting
   313 | D        | Reached skill level 5 in Armour
   313 | D        | Reached skill level 1 in Dodging
   313 | D        | Reached XP level 4. HP: 28/39 MP: 4/4
   339 | D        | Reached skill level 5 in Shields
   344 | D        | HP: 2/40 [Menkaure/nerve-wracking pain (12)]
   346 | D        | Slain by Menkaure

Vault maps used:
D:        pitsprint

Skill      XL: |  1  2  3  4 |
---------------+-------------+-----
Axes           | 2 3 |  3.0
Armour         | 3 4 5 |  5.5
Shields        | 3 4 5 |  5.1
Fighting       | 4 5 |  5.7
Dodging        | 1 |  1.0
Stealth        | |  0.5

Action                   |  1- 3 |  4- 6 || total
-------------------------+-------+-------++-------
Melee: Hand axe          |    25 |    12 ||    37
       War axe           |     1 |       ||     1
  Use: Potion            |     1 |       ||     1
Armor: Scale mail        |     8 |     2 ||    10
Dodge: Dodged            |    10 |     4 ||    14
Block: Shield            |    13 |     3 ||    16

Table legend:
 A = Non-vault XP
 B = Vault XP
 C = Vault XP percentage of total XP
 D = Non-vault monster count
 E = Vault monster count
 F = Vault count percentage of total count
                 A         B        C        D         E       F
            +---------+---------+-------+---------+---------+-------
      Total |       0 |     162 | 100.0 |       0 |       6 | 100.0
            +---------+---------+-------+---------+---------+-------
          D |       0 |     162 | 100.0 |       0 |       6 | 100.0
            +---------+---------+-------+---------+---------+-------
